 Dungeon Crawl Stone Soup version 0.30.0 (webtiles) character file.

Game seed: 11909554281558774926

5 MrRottenApple the Magician (level 1, 0/13 HPs)
             Began as a Mummy Hedge Wizard on June 6, 2023.
             Slain by a jackal (2 damage)
             ... on level 1 of the Dungeon.
             The game lasted 00:03:32 (168 turns).

MrRottenApple the Magician (Mummy Hedge Wizard)      Turns: 168, Time: 00:03:33

Health: 0/13       AC:  2    Str: 13    XL:     1   Next: 66%
Magic:  5/5        EV: 12    Int: 13    God:
Gold:   28         SH:  0    Dex: 11    Spells: 7/8 levels left

rFire   x . .        a - +0 dagger
rCold   + . .        (no shield)
rNeg    + + +        b - +0 robe
rPois   ∞            c - +0 hat
rElec   .            (no cloak)
rCorr   .            (no gloves)
SInv    .            (no boots)
Will    .....        (no amulet)
Stlth   ++           (no ring)
HPRegen 0.22/turn    (no ring)
MPRegen 0.09/turn

%: faith
@: no status effects
A: cold resistance 1, negative energy resistance 3, torment resistance 2, heat
vulnerability 1, no potions, faith
a: no special abilities


You were on level 1 of the Dungeon.
You visited 1 branch of the dungeon, and saw 1 of its levels.

You collected 28 gold pieces.

Inventory:

Hand Weapons
 a - a +0 dagger (weapon)
Armour
 b - a +0 robe (worn)
 c - a +0 hat (worn)
Scrolls
 d - a scroll of amnesia {unknown}


   Skills:
 + Level 0.2 Short Blades
 + Level 1.5 Dodging
 + Level 1.5 Stealth
 + Level 4.3 Spellcasting
 + Level 0.7 Conjurations
 + Level 0.7 Summonings
 + Level 0.7 Translocations


You had 7 spell levels left.
You knew the following spells:

 Your Spells              Type           Power      Damage    Failure   Level
a - Magic Dart            Conj           16%        1d3       16%         1

Your spell library contained the following spells:

 Spells                   Type           Power      Damage    Failure   Level
 Slow                     Hex            8%         N/A       21%         1
 Blink                    Tloc           8%         N/A       22%         2
 Call Imp                 Summ           8%         N/A       22%         2
 Cigotuvi's Dreadful Rot  Necr/Pois/Air  4%         N/A       30%         2
 Mephitic Cloud           Conj/Pois/Air  3%         N/A       50%         3


Dungeon Overview and Level Annotations

Branches:
Dungeon (1/15)

Altars:


Innate Abilities, Weirdness & Mutations

You are immune to poison.
Your flesh is cold resistant. (rC+)
You are immune to negative energy. (rN+++)
You are immune to unholy pain and torment.
You are vulnerable to heat. (rF-)
You do not drink.
You have a special connection with the divine. (Faith)


Message History

The jackal is moderately wounded.
The jackal barely misses you. The jackal bites you.
The jackal closely misses you. The jackal barely misses you.
The jackal completely misses you.
You hit the jackal.
You kill the jackal!
The jackal barely misses you. x2
The jackal bites you. The jackal misses you.
There is an escape hatch in the floor, spattered with blood here.
You see here a jackal corpse.
The jackal closely misses you. x2; The jackal bites you.
You hit the jackal.
The jackal is moderately wounded.
The jackal barely misses you. x2; The jackal closely misses you.
The jackal misses you.
You hit the jackal but do no damage.
The jackal is moderately wounded.
The jackal barely misses you. x2
You barely miss the jackal. Your punch misses the jackal.
The jackal is moderately wounded.
The jackal closely misses you. x2
You hit the jackal.
The jackal is severely wounded.
The jackal barely misses you.
The jackal bites you but does no damage.
The jackal bites you. The jackal completely misses you.
You hit the jackal.
The jackal is almost dead.
The jackal barely misses you. The jackal bites you.
You hit the jackal.
You kill the jackal!
The jackal bites you.
* * * LOW HITPOINT WARNING * * *
The jackal barely misses you. The jackal bites you.
* * * LOW HITPOINT WARNING * * *
You see here a jackal corpse.
You hit the jackal.
The jackal is moderately wounded.
The jackal barely misses you. The jackal bites you.
You die...

..# #.# ..# ##'#####
..### #......#
....######'###+# +###
..#.##.......+ ...
..#.##.#+#.#######.#
.....+ #.#.....'.#
..#.## #.#..<..#.#
.#### #'#..>h@### ##
#.#...†.# #.'.....#
#.#+#.#######
#.......+ #####.###+#
+# ####### ##h##..#
..##.
......###...#.##......
......##......h.h.....


You could see a jackal.

Vanquished Creatures
  2 jackals (D:1)
  A quokka (D:1)
  A frilled lizard (D:1)
  A kobold (D:1)
5 creatures vanquished.

Notes
Turn   | Place    | Note
-------+----------+-------------------------------------------
     0 | D:1      | MrRottenApple the Mummy Hedge Wizard began the quest for
                  | the Orb.
     0 | D:1      | Reached XP level 1. HP: 13/13 MP: 5/5
   168 | D:1      | Slain by a jackal

Illustrated notes

Levels and vault maps discovered:
D:1:      shiori_arrival_maze, layout_loops_corners, st_stairs_13, hex_large,
          kennysheep_pointless_box

Action                     || total
---------------------------++-------
  Melee: Dagger            ||    31
    Use: Scroll            ||     1
 Armour: Robe              ||     4
  Dodge: Dodged            ||    44
